 Dungeon Crawl Stone Soup version 0.25.1-2-g60ff931df9 (webtiles) character file.

Game seed: 1489780903978309134

125122 gruber the Thaumaturge (level 16, -7/125 HPs)
             Began as a Gnoll Ice Elementalist on Dec 9, 2020.
             Was the Champion of Vehumet.
             Mangled by a six-headed hydra (14 damage)
             ... called by a spriggan druid
             ... on level 4 of the Swamp on Dec 10, 2020.
             The game lasted 00:51:48 (34309 turns).

gruber the Thaumaturge (Gnoll Ice Elementalist)    Turns: 34309, Time: 00:51:49

Health: -7/125     AC: 18    Str: 16    XL:     16   Next: 95%
Magic:  3/31       EV: 18    Int: 32    God:    Vehumet [******]
Gold:   1086       SH:  8    Dex: 21    Spells: 1/38 levels left

rFire    + + +     SeeInvis .   X - +8 eveningstar "Dimuil" {freeze, +Inv rC+ Dex+4}
rCold    + . .     Gourm    .   h - +0 buckler
rNeg     + . .     Faith    .   Q - +2 fire dragon scales
rPois    +         Spirit   .   N - +0 helmet {Int+3}
rElec    .         Reflect  .   T - +0 cloak {rCorr}
rCorr    +         Harm     .   (no gloves)
MR       +....                  C - +0 pair of boots of Liberalism {rC+}
Stlth    ++++......             l - amulet of magic regeneration
HPRegen  0.30/turn              r - +6 ring of intelligence
MPRegen  0.47/turn              Y - ring "Ziuter" {rPois rF+ rN+ Str+5}

@: no status effects
A: distributed training, fangs 1, strong nose
a: Renounce Religion, Evoke Invisibility


You were on level 4 of the Swamp.
You worshipped Vehumet.
Vehumet was exalted by your worship.
You were not hungry.

You visited 5 branches of the dungeon, and saw 28 of its levels.
You also visited: Gauntlet.

You collected 2198 gold pieces.
You spent 1112 gold pieces at shops.

Inventory:

Hand Weapons
 X - the +8 eveningstar "Dimuil" (weapon) {freeze, +Inv rC+ Dex+4}
   (You bought it in a shop on level 2 of the Orcish Mines)

   It has been specially enchanted to freeze those struck by it, causing extra
   injury to most foes and up to half again as much damage against particularly
   susceptible opponents.
   It can also slow down cold-blooded creatures.
   It affects your dexterity (+4).
   It protects you from cold.
   It lets you turn invisible.
Missiles
 I - 18 silver javelins (quivered)
Armour
 h - a +0 buckler (worn)
 C - the +0 pair of boots of Liberalism (worn) {rC+}
   (You bought it in a shop on level 6 of the Dungeon)

   It protects you from cold.
 N - a +0 helmet of intelligence (worn)
 Q - +2 fire dragon scales (worn)
 T - a +0 cloak of preservation (worn)
Jewellery
 l - an amulet of magic regeneration (around neck)
 r - a +6 ring of intelligence (left hand)
 E - an uncursed ring of protection from magic
 U - an uncursed ring of protection from magic
 Y - the ring "Ziuter" (right hand) {rPois rF+ rN+ Str+5}
   (You found it in a Gauntlet)

   [ring of poison resistance]

   It affects your strength (+5).
   It protects you from fire.
   It protects you from poison.
   It protects you from negative energy.
Wands
 a - a wand of polymorph (5)
 x - a wand of paralysis (18)
 B - a wand of digging (6)
 G - a wand of iceblast (46)
 M - a wand of flame (18)
 V - a wand of acid (10)
 W - a wand of clouds (3)
Scrolls
 d - a scroll of summoning {unknown}
 e - 2 scrolls of fog {unknown}
 g - 6 scrolls of amnesia {unknown}
 i - a scroll of acquirement {unknown}
 j - 5 scrolls of enchant armour {unknown}
 k - 9 scrolls of magic mapping {unknown}
 o - a scroll of immolation {unknown}
 p - 14 scrolls of teleportation
 s - 20 scrolls of remove curse
 t - 7 scrolls of enchant weapon
 v - 4 scrolls of blinking {unknown}
 y - 2 scrolls of vulnerability {unknown}
 z - 2 scrolls of fear {unknown}
 D - a scroll of silence {unknown}
 H - 3 scrolls of noise {unknown}
 K - 2 scrolls of brand weapon {unknown}
 P - 2 scrolls of identify
Potions
 b - 5 potions of mutation
 f - 4 potions of haste
 m - 4 potions of resistance
 n - 2 potions of lignification
 u - 5 potions of flight
 w - 11 potions of curing
 A - a potion of magic
 F - 4 potions of stabbing
 J - a potion of heal wounds
 O - 2 potions of might
 R - 2 potions of invisibility
Miscellaneous
 L - a phial of floods
 S - a lightning rod (2/4)
 Z - 2 boxes of beasts
Comestibles
 c - 51 rations
 q - 4 chunks of flesh


   Skills:
 + Level 11.0 Fighting
 + Level 11.0 Short Blades
 + Level 11.0 Long Blades
 + Level 11.0 Axes
 + Level 11.0 Maces & Flails
 + Level 11.0 Polearms
 + Level 11.0 Staves
 + Level 11.0 Slings
 + Level 11.0 Bows
 + Level 11.0 Crossbows
 + Level 11.0 Throwing
 + Level 11.0 Armour
 + Level 11.8 Dodging
 + Level 11.7 Stealth
 + Level 11.0 Shields
 + Level 11.0 Unarmed Combat
 + Level 11.9 Spellcasting
 + Level 9.3 Conjurations
 + Level 9.3 Hexes
 + Level 9.3 Charms
 + Level 9.3 Summonings
 + Level 9.3 Necromancy
 + Level 9.3 Translocations
 + Level 9.3 Transmutations
 + Level 9.3 Fire Magic
 + Level 11.5 Ice Magic
 + Level 9.3 Air Magic
 + Level 9.3 Earth Magic
 + Level 9.3 Poison Magic
 + Level 11.9 Invocations
 + Level 11.0 Evocations


You had one spell level left.
You knew the following spells:

 Your Spells              Type           Power        Failure   Level  Hunger
a - Freeze                Ice            ####         1%          1    None
b - Frozen Ramparts       Ice            ######       1%          3    None
c - Hailstorm             Conj/Ice       ######..     1%          4    None
d - Summon Ice Beast      Ice/Summ       ######..     1%          4    None
e - Mephitic Cloud        Conj/Pois/Air  ######..     1%          3    None
f - Sticky Flame          Conj/Fire      ######..     1%          4    None
g - Starburst             Conj/Fire      ######....   8%          6    ####...
h - Spellforged Servitor  Conj/Summ      ######....   36%         7    ######.
i - Borgnjor's Vile Clut  Necr/Erth      ######....   4%          5    #......

Your spell library contained the following spells:

 Spells                   Type           Power        Failure   Level  Hunger
 Chain Lightning          Conj/Air       ######....   94%         8    #######
 Ignition                 Fire           ######....   94%         8    #######
 Absolute Zero            Ice            #######...   100%        9    #######
 Animate Skeleton         Necr           N/A          1%          1    None
 Apportation              Tloc           ######       1%          1    None
 Beastly Appendage        Tmut           ######       1%          1    None
 Corona                   Hex            ######.      1%          1    None
 Infusion                 Chrm           ####         1%          1    None
 Shock                    Conj/Air       ####         1%          1    None
 Sting                    Tmut/Pois      ####         1%          1    None
 Summon Butterflies       Summ           ######..     1%          1    None
 Summon Small Mammal      Summ           ####         1%          1    None
 Blink                    Tloc           N/A          1%          2    None
 Call Imp                 Summ           ######..     1%          2    None
 Poisonous Vapours        Pois/Air       ######       1%          2    None
 Shroud of Golubria       Chrm/Tloc      ######       1%          2    None
 Song of Slaying          Chrm           ######..     1%          2    None
 Sticks to Snakes         Tmut           ######..     1%          2    None
 Swiftness                Chrm/Air       ######..     1%          2    None
 Call Canine Familiar     Summ           ######..     1%          3    None
 Confusing Touch          Hex            ######..     1%          3    None
 Gell's Gravitas          Tloc           ######....   1%          3    None
 Ignite Poison            Fire/Tmut/Pois ######..     1%          3    None
 Lesser Beckoning         Tloc           ######....   1%          3    None
 Ozocubu's Armour         Chrm/Ice       ######..     1%          3    None
 Recall                   Summ/Tloc      N/A          1%          3    None
 Spectral Weapon          Hex/Chrm       ######..     1%          3    None
 Spider Form              Tmut/Pois      ######....   1%          3    None
 Static Discharge         Conj/Air       ######..     1%          3    None
 Summon Guardian Golem    Hex/Summ       ######..     1%          3    None
 Tukima's Dance           Hex            ######..     1%          3    None
 Airstrike                Air            ######....   1%          4    None
 Animate Dead             Necr           N/A          1%          4    None
 Ice Form                 Ice/Tmut       ######..     1%          4    None
 Olgreb's Toxic Radiance  Pois           ######..     1%          4    None
 Petrify                  Tmut/Erth      ######..     1%          4    None
 Summon Lightning Spire   Summ/Air       ######..     1%          4    None
 Lightning Bolt           Conj/Air       ######....   1%          5    #......
 Yara's Violent Unravell  Hex/Tmut       ######....   1%          5    #......
 Metabolic Englaciation   Hex/Ice        ######....   3%          5    #......
 Alistair's Intoxication  Tmut/Pois      ######..     4%          5    #......
 Blade Hands              Tmut           ######....   4%          5    #......
 Simulacrum               Ice/Necr       ######....   19%         6    ####...
 Death Channel            Necr           ######....   28%         6    ####...
 Dispersal                Tloc           ######....   28%         6    ####...
 Invisibility             Hex            ######..     28%         6    ####...
 Controlled Blink         Tloc           N/A          100%        8    #######


Dungeon Overview and Level Annotations

Branches:
Dungeon (15/15)            Temple (1/1) D:5            Lair (6/6) D:11
  Swamp (4/4) Lair:2       Spider (0/4) Lair:2        Slime (0/5) Lair:5
    Orc (2/2) D:10            Elf (0/3) Orc:2        Vaults (0/5) D:14
 Depths (0/5) D:15        Gauntlet (visited)

Altars:
Ashenzari
Cheibriados
Dithmenos
Elyvilon
Fedhas
Gozag
Kikubaaqudgha
Makhleb
Nemelex Xobeh
Okawaru
Qazlal
Ru
Sif Muna
Trog
Uskayaw
Vehumet
Wu Jian
Xom
Yredelemnul
Zin
The Shining One
Beogh

Shops:
D:6 [   D:7 [   D:11 %   D:12 (   D:15 :   Orc:2 (*[*?

Portals:
Hell: Lair:6

Annotations:
D:4 3 runed translucent doors, gbos's ghost, amateur GnFi
D:14 exclusion: obsidian statue


Innate Abilities, Weirdness & Mutations

Your experience applies equally to all skills.
You have very sharp teeth.
Your uncanny sense of smell can sniff out nearby items.


Message History

Unknown command.
Unknown command.
Unknown command.
Evoke which item? (* to show all) (? for menu, Esc to quit)
Aiming: Thunderbolt
Press: ? - help, Shift-Dir - straight line, f/p - six-headed hydra
Aim: a six-headed hydra (poison gas, severely wounded, strong, slow)
The thunderbolt hits the six-headed hydra!
The six-headed hydra is almost dead.
The thunderbolt hits the alligator!
The alligator is moderately wounded.
You hear a roar!
The alligator is engulfed in poison gas.
The alligator looks even sicker.
The alligator puts on a burst of speed!
The six-headed hydra closely misses you.
You block the six-headed hydra's attack.
The six-headed hydra bites you but does no damage.
The six-headed hydra closely misses you.
The six-headed hydra bites you!
You die...

♣♣♣♣♣♣♣♣♣ ♣≈.≈♣♣..♣
♣♣♣♣♣♣@[†≈..♣
♣♣♣♣♣.≈♣♣♣♣D†...♣
♣...≈.≈.♣♣♣°t§♣♣♣
♣≈.†..≈....§§§§♣
♣.≈≈≈≈≈...≈≈§≈.♣
♣♣♣♣♣.≈≈≈.°≈†....§♣♣
♣♣♣....♣.≈..≈°°○.≈☼♣♣
≈≈.≈≈...≈..≈≈≈.°..♣♣
≈≈≈..≈♣...≈f≈≈≈...♣


You could see an alligator (swift, very poisoned) and a six-headed hydra
(strong, slow).

Vanquished Creatures
  A thorn hunter (Swamp:4)
  Kirke (D:13)
  An orc warlord (Orc:2)
  A minotaur (Gauntlet)
  A fire dragon (D:15)
  A rakshasa (D:15)
  A ghost crab (Swamp:2)
  6 hydras
  2 ogre magi (D:15)
  A catoblepas (Lair:6)
  A shambling mangrove (Swamp:4)
  A centaur warrior (D:14)
  12 two-headed ogres
  4 alligators
  2 orc high priests (Orc:2)
  2 death yaks (D:11)
  A tengu warrior (D:15)
  Urug (D:14)
  Nergalle (D:12)
  A sun demon (Lair:6)
  Sonja (D:13)
  2 spriggan druids
  2 wizards
  3 unseen horrors
  6 swamp dragons
  A deep elf mage (D:15)
  An ugly thing (D:13)
  2 cyclopes (D:11)
  4 manticores
  5 orc sorcerers
  12 elephants
  Joseph (D:8)
  5 black mambas
  A gargoyle (D:11)
  Maggie (D:10)
  5 komodo dragons
  19 spiny frogs
  A kobold demonologist (D:12)
  5 rime drakes
  An efreet (D:15)
  3 red devils (Lair:6)
  2 ice devils (Lair:6)
  9 hornets
  3 meliai (Gauntlet)
  2 queen bees
  7 trolls
  A wolf spider simulacrum (Gauntlet)
  20 blink frogs
  6 tyrant leeches
  14 slime creatures
  11 hippogriffs
  A bog body (Swamp:1)
  9 dream sheep (Lair:6)
  3 spriggans
  A centaur simulacrum (Gauntlet)
  2 vampires
  6 wyverns
  2 wraiths
  49 yaks
  5 hogs (D:13)
  2 shadows
  Grum (D:11)
  2 basilisks
  16 humans (D:14)
  A steam dragon (D:12)
  23 vampire mosquitoes
  A soldier ant (shapeshifter) (D:14)
  10 insubstantial wisps (Swamp:2)
  2 wargs
  7 swamp worms
  An acid dragon (D:15)
  11 porcupines
  3 hell hounds (Lair:6)
  37 orc warriors
  16 water moccasins
  A meliai simulacrum (D:15)
  4 ice beasts
  2 swamp drakes (Swamp:4)
  12 ogres
  5 sky beasts
  A black bear (D:9)
  An eye of draining (D:9)
  2 necrophages
  2 phantoms
  18 wolves
  4 centaurs
  9 crocodiles
  3 big kobolds
  13 bullfrogs
  2 wyvern zombies
  3 wyvern skeletons
  5 scorpions
  40 killer bees
  A water moccasin skeleton (D:5)
  3 wights
  6 howler monkeys
  7 crimson imps
  2 quasits
  3 bullfrog zombies
  A wyvern simulacrum (Gauntlet)
  A bullfrog skeleton (D:9)
  2 centaur zombies
  5 jellies
  A gnoll shaman (D:6)
  6 hounds
  30 orc priests
  39 orc wizards
  Jessica (D:2)
  2 iguanas
  6 hell rats (Lair:6)
  11 worker ants
  A hound zombie (D:11)
  A hound skeleton (D:9)
  A worker ant zombie (D:8)
  A howler monkey zombie (D:9)
  13 adders
  10 gnolls
  2 shadow imps
  5 oozes
  3 adder zombies
  2 adder skeletons
  4 worms
  3 dart slugs
  11 leopard geckos
  113 orcs
  8 giant cockroaches
  6 goblins
  9 hobgoblins
  13 jackals
  7 quokkas
  3 ball pythons
  A ball python zombie (D:5)
  8 bats
  5 frilled lizards
  15 kobolds
  A leopard gecko zombie (D:7)
  9 rats
  4 bushes
  2 fungi
  3 plants
927 creatures vanquished.

Vanquished Creatures (collateral kills)
  Gastronok (Lair:1)
  A thorn hunter (Swamp:3)
  An orc warlord (Orc:1)
  A dire elephant (Lair:6)
  Harold (D:7)
  A shambling mangrove (Swamp:2)
  8 hydras
  A death yak (D:11)
  2 swamp dragons (Swamp:4)
  4 slime creatures
  An elephant (Lair:5)
  A smoke demon (Lair:6)
  An orange demon (Lair:6)
  2 spiny frogs (Swamp:1)
  A troll (Orc:2)
  5 hornets
  A blink frog (Lair:2)
  A tyrant leech (Swamp:2)
  2 dream sheep (Lair:6)
  2 spriggans (Swamp:3)
  7 yaks
  A basilisk (Lair:6)
  3 hungry ghosts
  A swamp worm (Swamp:2)
  5 swamp drakes (Swamp:4)
  2 orc warriors
  2 ogres
  An ice beast (D:7)
  A black bear (Lair:2)
  A wolf (Lair:2)
  A crocodile (Lair:6)
  A bullfrog (D:7)
  5 killer bees
  A wight (D:10)
  A centaur zombie (D:6)
  3 orc priests
  A bullfrog skeleton (D:7)
  2 orc wizards
  A hell rat (Lair:6)
  A worker ant (D:8)
  A hound zombie (D:7)
  An adder (D:10)
  A leopard gecko (D:7)
  10 orcs
  A quokka (D:7)
93 creatures vanquished.

Vanquished Creatures (others)
  A hornet (D:15)
  A swamp worm (Swamp:2)
  An orc wizard (Orc:1)
  8 fungi
  6 plants
17 creatures vanquished.

Grand Total: 1037 creatures vanquished

Notes
Turn   | Place    | Note
-------+----------+-------------------------------------------
     0 | D:1      | gruber the Gnoll Ice Elementalist began the quest for the
                  | Orb.
     0 | D:1      | Reached XP level 1. HP: 13/13 MP: 6/6
   170 | D:1      | Reached XP level 2. HP: 5/19 MP: 7/7
  1096 | D:2      | Reached XP level 3. HP: 25/25 MP: 9/9
  1104 | D:2      | Reached skill level 5 in Spellcasting
  1127 | D:2      | Reached skill level 1 in Invocations
  1232 | D:2      | Reached skill level 1 in Fighting
  1232 | D:2      | Reached skill level 1 in Short Blades
  1232 | D:2      | Reached skill level 1 in Long Blades
  1232 | D:2      | Reached skill level 1 in Axes
  1232 | D:2      | Reached skill level 1 in Maces & Flails
  1232 | D:2      | Reached skill level 1 in Polearms
  1232 | D:2      | Reached skill level 1 in Staves
  1232 | D:2      | Reached skill level 1 in Slings
  1232 | D:2      | Reached skill level 1 in Bows
  1232 | D:2      | Reached skill level 1 in Crossbows
  1232 | D:2      | Reached skill level 1 in Throwing
  1232 | D:2      | Reached skill level 1 in Armour
  1232 | D:2      | Reached skill level 1 in Shields
  1232 | D:2      | Reached skill level 1 in Unarmed Combat
  1232 | D:2      | Reached skill level 1 in Evocations
  1237 | D:2      | Learned a level 3 spell: Frozen Ramparts
  1326 | D:2      | Reached XP level 4. HP: 17/32 MP: 11/11
  1750 | D:2      | Reached skill level 1 in Conjurations
  1750 | D:2      | Reached skill level 1 in Hexes
  1750 | D:2      | Reached skill level 1 in Charms
  1750 | D:2      | Reached skill level 1 in Summonings
  1750 | D:2      | Reached skill level 1 in Necromancy
  1750 | D:2      | Reached skill level 1 in Translocations
  1750 | D:2      | Reached skill level 1 in Transmutations
  1750 | D:2      | Reached skill level 1 in Fire Magic
  1750 | D:2      | Reached skill level 1 in Air Magic
  1750 | D:2      | Reached skill level 1 in Earth Magic
  1750 | D:2      | Reached skill level 1 in Poison Magic
  2238 | D:2      | Noticed Jessica
  2240 | D:2      | Killed Jessica
  2240 | D:2      | Reached XP level 5. HP: 37/37 MP: 12/12
  2888 | D:3      | Reached XP level 6. HP: 44/44 MP: 13/13
  2931 | D:3      | Found an ornate altar of the Wu Jian Council.
  2967 | D:3      | Found a snail-covered altar of Cheibriados.
  2967 | D:3      | Found a glowing silver altar of Zin.
  3010 | D:3      | Found a hide-covered altar of Uskayaw.
  3576 | D:4      | Reached skill level 5 in Dodging
  3658 | D:4      | Found a blossoming altar of Fedhas.
  3894 | D:4      | Reached XP level 7. HP: 43/50 MP: 11/15
  3977 | D:4      | Found a runed translucent gate.
  3977 | D:4      | Found a runed translucent gate.
  3977 | D:4      | Found a runed translucent gate.
  3997 | D:4      | Noticed gbos's ghost (amateur GnFi)
  4676 | D:5      | Entered Level 5 of the Dungeon
  4799 | D:5      | Reached skill level 5 in Stealth
  4944 | D:5      | Found a staircase to the Ecumenical Temple.
  4962 | D:5      | Reached XP level 8. HP: 57/57 MP: 12/16
  5037 | Temple   | Entered the Ecumenical Temple
  5218 | Temple   | Became a worshipper of Vehumet
  5714 | D:5      | Found an opulent altar of Gozag.
  5833 | D:5      | Found a stormy altar of Qazlal.
  6116 | D:6      | Learned a level 4 spell: Hailstorm
  6121 | D:6      | Learned a level 4 spell: Summon Ice Beast
  6479 | D:6      | Found a shimmering blue altar of Sif Muna.
  6482 | D:6      | Reached * piety under Vehumet
  6482 | D:6      | Offered knowledge of Foxfire by Vehumet.
  6620 | D:6      | Reached XP level 9. HP: 56/65 MP: 14/18
  6948 | D:6      | Learned a level 3 spell: Mephitic Cloud
  7094 | D:6      | Found Tib Och's Armour Emporium.
  7098 | D:6      | Bought the +0 pair of boots of Liberalism {rC+} for 222
                  | gold pieces
  7130 | D:6      | Found a burning altar of Makhleb.
  7390 | D:7      | Reached ** piety under Vehumet
  7390 | D:7      | Offered knowledge of Sandblast by Vehumet.
  7732 | D:7      | Offered knowledge of Inner Flame by Vehumet.
  7838 | D:7      | Found Qocwun's Armour Boutique.
  7967 | D:7      | Found a blossoming altar of Fedhas.
  8112 | D:7      | Reached skill level 5 in Invocations
  8188 | D:7      | Noticed Harold
  8208 | D:7      | Killed Harold
  8208 | D:7      | Reached *** piety under Vehumet
  8208 | D:7      | Reached XP level 10. HP: 57/73 MP: 8/20
  8407 | D:8      | Found a sparkling altar of Nemelex Xobeh.
  8489 | D:8      | Noticed Joseph
  8568 | D:8      | Killed Joseph
  8568 | D:8      | Reached skill level 5 in Fighting
  8568 | D:8      | Reached skill level 5 in Short Blades
  8568 | D:8      | Reached skill level 5 in Long Blades
  8568 | D:8      | Reached skill level 5 in Axes
  8568 | D:8      | Reached skill level 5 in Maces & Flails
  8568 | D:8      | Reached skill level 5 in Polearms
  8568 | D:8      | Reached skill level 5 in Staves
  8568 | D:8      | Reached skill level 5 in Slings
  8568 | D:8      | Reached skill level 5 in Bows
  8568 | D:8      | Reached skill level 5 in Crossbows
  8568 | D:8      | Reached skill level 5 in Throwing
  8568 | D:8      | Reached skill level 5 in Armour
  8568 | D:8      | Reached skill level 5 in Shields
  8568 | D:8      | Reached skill level 5 in Unarmed Combat
  8568 | D:8      | Reached skill level 5 in Evocations
  8714 | D:8      | Found a stormy altar of Qazlal.
  8930 | D:8      | Found a bloodstained altar of Trog.
  9079 | D:8      | Offered knowledge of Conjure Flame by Vehumet.
  9084 | D:8      | Got a shimmering rapier
  9085 | D:8      | Identified the +6 rapier "Ugeir" {vorpal, Stlth+} (You
                  | found it on level 8 of the Dungeon)
  9697 | D:9      | Reached **** piety under Vehumet
  9700 | D:9      | Offered knowledge of Static Discharge by Vehumet.
  9722 | D:9      | Reached XP level 11. HP: 78/81 MP: 7/22
  9899 | D:9      | Found an iron altar of Okawaru.
 10058 | D:10     | Entered Level 10 of the Dungeon
 10430 | D:10     | Reached ***** piety under Vehumet
 10434 | D:10     | Offered knowledge of Freezing Cloud by Vehumet.
 10563 | D:10     | Found a staircase to the Orcish Mines.
 10667 | D:10     | Reached skill level 5 in Conjurations
 10667 | D:10     | Reached skill level 5 in Hexes
 10667 | D:10     | Reached skill level 5 in Charms
 10667 | D:10     | Reached skill level 5 in Summonings
 10667 | D:10     | Reached skill level 5 in Necromancy
 10667 | D:10     | Reached skill level 5 in Translocations
 10667 | D:10     | Reached skill level 5 in Transmutations
 10667 | D:10     | Reached skill level 5 in Fire Magic
 10667 | D:10     | Reached skill level 5 in Air Magic
 10667 | D:10     | Reached skill level 5 in Earth Magic
 10667 | D:10     | Reached skill level 5 in Poison Magic
 11144 | D:10     | Noticed a two-headed ogre
 11149 | D:10     | Killed a two-headed ogre
 11171 | D:10     | Noticed Maggie
 11179 | D:10     | Killed Maggie
 11452 | D:11     | Noticed a death yak
 11470 | D:11     | Noticed a death yak
 11472 | D:11     | Killed a death yak
 11474 | D:11     | Noticed a death yak
 11487 | D:11     | Killed a death yak
 11498 | D:11     | Killed a death yak
 11499 | D:11     | Reached XP level 12. HP: 74/89 MP: 4/24
 11630 | D:11     | Found a staircase to the Lair.
 11889 | D:11     | Found Diro Lu Rog's Food Boutique.
 12028 | D:11     | Noticed Grum
 12037 | D:11     | Killed Grum
 13042 | D:12     | Noticed a two-headed ogre
 13054 | D:12     | Killed a two-headed ogre
 13264 | D:12     | Noticed Nergalle
 13275 | D:12     | Killed Nergalle
 13275 | D:12     | Offered knowledge of Sticky Flame by Vehumet.
 13619 | D:12     | Found Adippown's Antique Weapon Shop.
 14080 | D:11     | Learned a level 4 spell: Sticky Flame
 14106 | Lair:1   | Entered Level 1 of the Lair of Beasts
 14328 | Lair:1   | Reached XP level 13. HP: 98/98 MP: 24/26
 14657 | Lair:1   | Noticed Gastronok
 14713 | Lair:1   | Killed Gastronok
 15650 | Lair:2   | Found a staircase to the Swamp.
 15792 | Lair:2   | Found a hole to the Spider Nest.
 17102 | Lair:3   | Reached skill level 10 in Ice Magic
 17859 | Lair:4   | Reached ****** piety under Vehumet
 18356 | Lair:4   | Reached skill level 10 in Spellcasting
 18523 | Lair:4   | Reached XP level 14. HP: 106/106 MP: 28/28
 19109 | Lair:5   | Found a burning altar of Makhleb.
 19314 | Lair:5   | Offered knowledge of Ozocubu's Refrigeration by Vehumet.
 19536 | Lair:5   | Reached skill level 10 in Dodging
 19593 | Lair:5   | Got a jewelled hand axe
 19594 | Lair:5   | Identified the +7 hand axe of the New World {vorpal, rF+
                  | rC+ Str+2} (You found it on level 5 of the Lair of Beasts)
 19989 | Lair:5   | Found a staircase to the Slime Pits.
 20360 | Lair:6   | Entered Level 6 of the Lair of Beasts
 20695 | Lair:6   | Reached skill level 10 in Stealth
 21109 | Lair:6   | Reached skill level 10 in Invocations
 21884 | Lair:6   | Noticed a dire elephant
 21902 | Lair:6   | Killed a dire elephant
 22051 | Lair:6   | Offered knowledge of Lee's Rapid Deconstruction by Vehumet.
 22142 | Lair:6   | Found a burning altar of Makhleb.
 22282 | Lair:6   | Found a gateway to Hell.
 22732 | Orc:1    | Entered Level 1 of the Orcish Mines
 23034 | Orc:1    | Noticed an orc warlord
 23054 | Orc:1    | Killed an orc warlord
 23396 | Orc:2    | Entered Level 2 of the Orcish Mines
 23527 | D:13     | Found a shimmering altar of Xom.
 23527 | D:13     | Noticed Sonja
 23541 | D:13     | Killed Sonja
 23541 | D:13     | Reached XP level 15. HP: 114/114 MP: 14/29
 23967 | D:13     | Offered knowledge of Starburst by Vehumet.
 24080 | D:13     | Learned a level 6 spell: Starburst
 24687 | D:13     | Noticed Kirke
 24709 | D:13     | Killed Kirke
 25126 | D:14     | Found a gate to the Vaults.
 25126 | D:14     | Noticed Urug
 25131 | D:14     | Killed Urug
 26133 | D:15     | Entered Level 15 of the Dungeon
 26195 | D:15     | Offered knowledge of Conjure Ball Lightning by Vehumet.
 26195 | D:15     | Reached skill level 10 in Fighting
 26195 | D:15     | Reached skill level 10 in Short Blades
 26195 | D:15     | Reached skill level 10 in Long Blades
 26195 | D:15     | Reached skill level 10 in Axes
 26195 | D:15     | Reached skill level 10 in Maces & Flails
 26195 | D:15     | Reached skill level 10 in Polearms
 26195 | D:15     | Reached skill level 10 in Staves
 26195 | D:15     | Reached skill level 10 in Slings
 26195 | D:15     | Reached skill level 10 in Bows
 26195 | D:15     | Reached skill level 10 in Crossbows
 26195 | D:15     | Reached skill level 10 in Throwing
 26195 | D:15     | Reached skill level 10 in Armour
 26195 | D:15     | Reached skill level 10 in Shields
 26195 | D:15     | Reached skill level 10 in Unarmed Combat
 26195 | D:15     | Reached skill level 10 in Evocations
 26220 | D:15     | Found Sixox's Book Shop.
 26289 | D:15     | Found a gate leading to a gauntlet.
 26311 | Gauntlet | Entered a Gauntlet
 26311 | Gauntlet | Found a transporter.
 26466 | Gauntlet | Found a transporter.
 26468 | Gauntlet | Found a transporter.
 26477 | Gauntlet | Found a transporter.
 26479 | Gauntlet | Found a transporter.
 26488 | Gauntlet | Found a transporter.
 26506 | Gauntlet | Found a transporter.
 26513 | Gauntlet | Found a transporter.
 26522 | Gauntlet | Found a runed translucent door.
 26524 | Gauntlet | Found a transporter.
 26539 | Gauntlet | Found a transporter.
 26552 | Gauntlet | Found a transporter.
 26552 | Gauntlet | Found a transporter.
 26591 | Gauntlet | Found a runed translucent door.
 26594 | Gauntlet | Found a transporter.
 26608 | Gauntlet | Found a transporter.
 26948 | Gauntlet | Got an encrusted ring mail
 26949 | Gauntlet | Identified the cursed +1 ring mail of Heresy {rPois} (You
                  | found it in a Gauntlet)
 27050 | Gauntlet | Got a warped copper ring
 27051 | Gauntlet | Identified the ring "Ziuter" {rPois rF+ rN+ Str+5} (You
                  | found it in a Gauntlet)
 27134 | Gauntlet | Identified the Collected Works on Orientation
 27776 | D:15     | Found a staircase to the Depths.
 28593 | Orc:2    | Reached XP level 16. HP: 113/122 MP: 31/31
 28772 | Orc:2    | Found a staircase to the Elven Halls.
 28882 | Orc:2    | Found Fojiamev's General Store.
 29407 | Orc:2    | Offered knowledge of Spellforged Servitor by Vehumet.
 29557 | Orc:2    | Found Hoenun's Antique Armour Shoppe.
 29558 | Orc:2    | Found a roughly hewn altar of Beogh.
 29572 | Orc:2    | Found Soloomut's Antique Weapon Emporium.
 29585 | Orc:2    | Bought a jewelled eveningstar for 740 gold pieces
 29663 | Orc:2    | Found a roughly hewn altar of Beogh.
 29663 | Orc:2    | Found Datoinix's General Store.
 29770 | Orc:2    | Found a roughly hewn altar of Beogh.
 29816 | Orc:2    | Found a roughly hewn altar of Beogh.
 29816 | Orc:2    | Found Jeivyfynt's Magic Scroll Shop.
 29892 | Orc:2    | Bought a scroll of identify for 30 gold pieces
 29892 | Orc:2    | Bought a scroll of identify for 30 gold pieces
 29892 | Orc:2    | Bought a scroll of identify for 30 gold pieces
 29892 | Orc:2    | Bought a scroll of identify for 30 gold pieces
 29892 | Orc:2    | Bought a scroll of identify for 30 gold pieces
 29895 | Orc:2    | Identified the +8 eveningstar "Dimuil" {freeze, +Inv rC+
                  | Dex+4} (You bought it in a shop on level 2 of the Orcish
                  | Mines)
 30397 | Swamp:1  | Entered Level 1 of the Swamp
 31274 | Swamp:1  | Learned a level 7 spell: Spellforged Servitor
 31986 | Swamp:2  | Learned a level 5 spell: Borgnjor's Vile Clutch
 33496 | Swamp:3  | Noticed a thorn hunter
 33568 | Swamp:3  | Killed a thorn hunter
 34067 | Swamp:4  | Entered Level 4 of the Swamp
 34104 | Swamp:4  | Noticed a thorn hunter
 34138 | Swamp:4  | Offered knowledge of Chain Lightning by Vehumet.
 34138 | Swamp:4  | Offered knowledge of Ignition by Vehumet.
 34138 | Swamp:4  | Offered knowledge of Absolute Zero by Vehumet.
 34219 | Swamp:4  | Killed a thorn hunter
 34302 | Swamp:4  | HP: 5/125 [spriggan druid/angry trees (7)]
 34309 | Swamp:4  | Mangled by a six-headed hydra

Illustrated notes

Levels and vault maps discovered:
D:1:      eino_arrival_tree_alley, layout_loops_ring
D:2:      layout_loops_ring, dk_vineyard_2, minmay_split_cup_large, uniq_jessica
D:3:      layout_basic, lemuel_crystal_altar, nicolae_overflow_hidden_temple,
          first_ration
D:4:      layout_loops_ring, gammafunk_ghost_icy, grunt_decor_clamped,
          fedhas_altar_fruit_tree
D:5:      layout_cave_pods, minmay_temple_entry_offerings, basic_altar,
          nicolae_gozag_cash_rules_everything_around_me
D:6:      kennysheep_orc_sif_temple, layout_loops_ring,
          makhleb_heckhound_becter, serial_shops, nicolae_shop_behind_doors
D:7:      minmay_evil_eye, layout_rooms, lemuel_doored_altar, serial_shops,
          nicolae_shop_trees, uniq_harold
D:8:      layout_basic, nicolae_overflow_crystal_walls,
          nicolae_qazlal_general_emergency, basic_altar, uniq_joseph
D:9:      layout_loops_cross, okawaru_altar_gauntlet_db, special_room
          [special_room_bee], grunt_ogre_cave
D:10:     minmay_stone_box, layout_loops_cross, david_orc_4, uniq_maggie
D:11:     layout_loops_ring, dpeg_lair_monsters, serial_shops, shop,
          kennysheep_generic_room_8, uniq_grum
D:12:     layout_stronghold, serial_shops, nicolae_shop_crystal, uniq_nergalle
D:13:     layout_gridville, basic_altar, uniq_sonja, uniq_kirke
D:14:     layout_cross, david_vaults_3, serial_park_paths
          [serial_park_minivault_5x5_2], minivault_16, lemuel_old_faithful
D:15:     grunt_enter_depths_magical_seal, layout_basic, gauntlet_entry_generic,
          serial_park_avenue1, serial_shops, shop, feat_on_display
Temple:   nicolae_temple_figure_eight
Lair:1:   layout_gridlike, grunt_megastairs_1, uniq_urug, uniq_gastronok
Lair:2:   layout_cave_pods, minmay_swamp_entry_swarm,
          nicolae_spider_entry_non_spiders, infiniplex_staircase_pool_2,
          lemuel_fruit_tree
Lair:3:   layout_misc_corridors, grunt_megastairs_5
Lair:4:   layout_gridlike
Lair:5:   layout_loops_ring, nicolae_slime_entry_slimehenge, basic_altar
Lair:6:   evil_forest, layout_misc_corridors
Swamp:1:  layout_basic_swamp, serial_swamp_ruin, evilmike_swamp_ruin_house_5,
          hangedman_swamp_ruin_hall, swamp_pool1
Swamp:2:  layout_falls_marsh, evilmike_swamp_ruin_rubble_2
Swamp:3:  layout_basic_swamp, evilmike_swamp_ruin_house_3, swamp_pool2
Swamp:4:  swamp, layout_basic_swamp
Orc:1:    layout_diamond_mine
Orc:2:    grunt_orc_community_town_hall, layout_caves,
          grunt_orc_community_big_house_1, grunt_orc_community_big_house_1,
          grunt_orc_community_house_3, grunt_orc_community_house_3,
          grunt_orc_community_house_3, grunt_orc_community_house_3,
          serial_shops, shop

Skill      XL: |  1  2  3  4  5  6  7  8  9 10 11 12 13 14 15 16 |
---------------+-------------------------------------------------+-----
Spellcasting   | 5 6 7 8 9 10 11 | 11.9
Invocations    | 1 2 3 4 5 6 7 8 9 10 11 | 11.9
Fighting       | 1 2 3 4 5 6 7 8 9 10 11 | 11.0
Short Blades   | 1 2 3 4 5 6 7 8 9 10 11 | 11.0
Long Blades    | 1 2 3 4 5 6 7 8 9 10 11 | 11.0
Axes           | 1 2 3 4 5 6 7 8 9 10 11 | 11.0
Maces & Flails | 1 2 3 4 5 6 7 8 9 10 11 | 11.0
Polearms       | 1 2 3 4 5 6 7 8 9 10 11 | 11.0
Staves         | 1 2 3 4 5 6 7 8 9 10 11 | 11.0
Slings         | 1 2 3 4 5 6 7 8 9 10 11 | 11.0
Bows           | 1 2 3 4 5 6 7 8 9 10 11 | 11.0
Crossbows      | 1 2 3 4 5 6 7 8 9 10 11 | 11.0
Throwing       | 1 2 3 4 5 6 7 8 9 10 11 | 11.0
Armour         | 1 2 3 4 5 6 7 8 9 10 11 | 11.0
Shields        | 1 2 3 4 5 6 7 8 9 10 11 | 11.0
Unarmed Combat | 1 2 3 4 5 6 7 8 9 10 11 | 11.0
Evocations     | 1 2 3 4 5 6 7 8 9 10 11 | 11.0
Conjurations   | 1 2 3 4 5 6 7 8 9 |  9.3
Hexes          | 1 2 3 4 5 6 7 8 9 |  9.3
Charms         | 1 2 3 4 5 6 7 8 9 |  9.3
Summonings     | 1 2 3 4 5 6 7 8 9 |  9.3
Necromancy     | 1 2 3 4 5 6 7 8 9 |  9.3
Translocations | 1 2 3 4 5 6 7 8 9 |  9.3
Transmutations | 1 2 3 4 5 6 7 8 9 |  9.3
Fire Magic     | 1 2 3 4 5 6 7 8 9 |  9.3
Air Magic      | 1 2 3 4 5 6 7 8 9 |  9.3
Earth Magic    | 1 2 3 4 5 6 7 8 9 |  9.3
Poison Magic   | 1 2 3 4 5 6 7 8 9 |  9.3
Dodging        | 5 6 7 8 9 10 11 | 11.8
Stealth        | 5 6 7 8 9 10 11 | 11.7
Ice Magic      | 8 9 10 11 | 11.5

Action                   |  1- 3 |  4- 6 |  7- 9 | 10-12 | 13-15 | 16-18 || total
-------------------------+-------+-------+-------+-------+-------+-------++-------
Melee: Dagger            |    85 |    77 |   263 |       |       |       ||   425
       Bite              |    12 |     9 |    28 |    38 |   100 |    43 ||   230
       Unarmed           |     1 |       |       |       |    16 |       ||    17
       Short sword       |     1 |       |       |       |       |       ||     1
       Punch             |     1 |       |       |       |       |       ||     1
       Club              |       |    66 |       |       |       |       ||    66
       Rapier            |       |       |       |   293 |   270 |       ||   563
       Trident           |       |       |       |    38 |       |       ||    38
       Hand axe          |       |       |       |       |   483 |    81 ||   564
       Eveningstar       |       |       |       |       |       |   223 ||   223
 Cast: Freeze            |     4 |       |     3 |     2 |     3 |    10 ||    22
       Frozen Ramparts   |       |    15 |    31 |    55 |    82 |    19 ||   202
       Summon Ice Beast  |       |       |     9 |    39 |    33 |    30 ||   111
       Hailstorm         |       |       |       |    24 |    51 |    43 ||   118
       Mephitic Cloud    |       |       |       |     1 |     2 |     4 ||     7
       Sticky Flame      |       |       |       |       |    26 |    25 ||    51
       Starburst         |       |       |       |       |    20 |     4 ||    24
       Borgnjor's Vile C |       |       |       |       |       |     3 ||     3
 Abil: Evoke Invisibilit |       |       |       |       |       |     1 ||     1
Evoke: Lightning rod     |       |       |       |       |     1 |     3 ||     4
       Wand              |       |       |       |       |       |     2 ||     2
  Use: Scroll            |       |       |     1 |     4 |    10 |     8 ||    23
       Potion            |       |       |       |     1 |       |     1 ||     2
 Stab: Sleeping          |     7 |    14 |    16 |    28 |    34 |     8 ||   107
       Distracted        |       |     3 |     1 |     2 |     2 |     1 ||     9
       Confused          |       |       |       |     1 |       |       ||     1
       Petrified         |       |       |       |       |     2 |       ||     2
  Eat: Chunk             |     1 |     9 |    15 |    25 |    42 |    15 ||   107
       Ration            |       |       |       |       |     3 |     2 ||     5
Armor: Robe              |    11 |    18 |    35 |       |       |       ||    64
       Leather armour    |       |       |     2 |    92 |   212 |       ||   306
       Fire dragon scale |       |       |       |       |    25 |   131 ||   156
Dodge: Dodged            |    70 |    68 |   114 |   241 |   620 |   289 ||  1402
Block: Buckler           |     7 |    20 |    34 |    93 |   233 |   135 ||   522
